 Dungeon Crawl Stone Soup version 0.28.0-53-g5a82cb258f (webtiles) character file.

Game seed: 10541318816435554161

11965 Cykl0x the Geomancer (level 11, -11/64 HPs)
             Began as a Gargoyle Earth Elementalist on May 23, 2022.
             Was a Follower of Vehumet.
             Mangled by a death yak (13 damage)
             ... on level 10 of the Dungeon.
             The game lasted 00:21:38 (10762 turns).

Cykl0x the Geomancer (Gargoyle Earth Elementalist) Turns: 10762, Time: 00:21:39

Health: -11/64     AC: 17    Str: 13    XL:     11   Next: 86%
Magic:  21/33      EV: 11    Int: 19    God:    Vehumet [*.....]
Gold:   330        SH:  0    Dex: 10    Spells: 25/29 levels left

rFire   . . .      SeeInvis .   g - +0 quarterstaff
rCold   + . .      Faith    .   (shield currently unavailable)
rNeg    + . .      Spirit   .   b - +0 acid dragon scales
rPois   ∞          Reflect  .   H - +0 helmet
rElec   +          Harm     .   x - +0 cloak
rCorr   +          Rampage  .   (no gloves)
Will    .....                   (no boots)
Stlth   +.........              h - amulet of magic regeneration
HPRegen 0.20/turn               m - ring of magical power
MPRegen 0.63/turn               w - ring of protection from cold

@: no status effects
A: sickness immunity, AC +8, negative energy resistance 1, electricity
resistance, torment resistance 1, petrification resistance
a: Renounce Religion


You were on level 10 of the Dungeon.
You worshipped Vehumet.
Vehumet was aware of your devotion.
You visited 2 branches of the dungeon, and saw 12 of its levels.
You also visited: Ossuary and Bailey.

You collected 486 gold pieces.
You spent 156 gold pieces at shops.

Inventory:

Hand Weapons
 d - a +1 whip
 g - a +0 quarterstaff (weapon)
 y - a +0 broad axe
 E - a +4 quarterstaff of chaos
Missiles
 B - 31 stones
 C - a throwing net
Armour
 b - +0 acid dragon scales (worn)
 x - a +0 cloak (worn)
 G - a +0 scale mail
 H - a +0 helmet (worn)
Jewellery
 h - an amulet of magic regeneration (around neck)
 m - a ring of magical power (left hand)
 w - a ring of protection from cold (right hand)
 A - a +6 ring of intelligence
Wands
 e - a wand of digging (6)
 l - a wand of flame (29)
 I - a wand of iceblast (7)
Scrolls
 a - 3 scrolls of magic mapping
 c - 2 scrolls of enchant armour
 n - 2 scrolls of enchant weapon
 o - 3 scrolls of teleportation
 p - a scroll of summoning
 s - a scroll of identify
 u - a scroll of blinking
Potions
 f - 3 potions of mutation
 i - a potion of cancellation
 j - 3 potions of curing
 q - a potion of invisibility
 r - 4 potions of haste
 t - a potion of lignification
 v - a potion of berserk rage
 D - a potion of attraction


   Skills:
 + Level 5.8 Fighting
 + Level 2.0 Staves
 + Level 3.5 Armour
 + Level 2.7 Dodging
 - Level 2.1 Stealth
 + Level 9.9 Spellcasting
 * Level 9.8 Conjurations
 - Level 0.7 Transmutations
 + Level 12.4 Earth Magic


You had 25 spell levels left.
You knew the following spells:

 Your Spells              Type           Power      Damage    Failure   Level
a - Sandblast             Erth           100%       2d20      1%          1
b - Stone Arrow           Conj/Erth      100%       3d13      1%          3

Your spell library contained the following spells:

 Spells                   Type           Power      Damage    Failure   Level
 Freeze                   Ice            36%        1d6       11%         1
 Passwall                 Tmut/Erth      28%        N/A       1%          2
 Petrify                  Tmut/Erth      34%        N/A       7%          4
 Gell's Gravitas          Tloc           9%         N/A       32%         3
 Lesser Beckoning         Tloc           9%         N/A       32%         3
 Portal Projectile        Hex/Tloc       18%        N/A       32%         3
 Teleport Other           Tloc           9%         N/A       32%         3
 Animate Dead             Necr           4%         N/A       71%         4
 Blade Hands              Tmut           6%         N/A       91%         5
 Excruciating Wounds      Necr           4%         N/A       96%         5
 Haunt                    Necr/Summ      4%         N/A       100%        7
 Infestation              Necr           4%         N/A       100%        8


Dungeon Overview and Level Annotations

Branches:
Dungeon (11/15)            Temple (1/1) D:7            Lair (0/6) D:11
Ossuary (visited)          Bailey (visited)
    Orc: D:9-12

Altars:
Ashenzari
Cheibriados
Dithmenos
Elyvilon
Fedhas
Gozag
Hepliaklqana
Kikubaaqudgha
Makhleb
Nemelex Xobeh
Okawaru
Qazlal
Ru
Sif Muna
Trog
Uskayaw
Vehumet
Wu Jian
Xom
Yredelemnul
Zin
The Shining One

Shops:
D:4 !(?([


Innate Abilities, Weirdness & Mutations

You are immune to sickness and miasma.
Your stone body is resilient. (AC +8)
You are immune to poison.
You resist negative energy. (rN+)
You are resistant to electric shocks. (rElec)
You are resistant to unholy torment.
You are immune to petrification.


Message History

You don't know that spell.
Okay, then.
You feel much better. The death yak gores you!
* * * LOW HITPOINT WARNING * * *
Casting: Sandblast (safe; 1% risk of failure)
Confirm with . or Enter, or press ? or * to list all spells.
Aiming: Sandblast (safe; 1% risk of failure)
Press: ? - help, Shift-Dir - straight line, f/p - death yak
Aim: a death yak (moderately wounded, 94% to hit)
The blast of sand hits the death yak!
The death yak is heavily wounded.
The death yak misses you.
Unknown command.
Casting: Sandblast (safe; 1% risk of failure)
Confirm with . or Enter, or press ? or * to list all spells.
Aiming: Sandblast (safe; 1% risk of failure)
Press: ? - help, Shift-Dir - straight line, f/p - death yak
Aim: a death yak (heavily wounded, 94% to hit)
The blast of sand hits the death yak!
The death yak is severely wounded.
The death yak gores you but does no damage.
Unknown command.
Casting: Sandblast (safe; 1% risk of failure)
Confirm with . or Enter, or press ? or * to list all spells.
Aiming: Sandblast (safe; 1% risk of failure)
Press: ? - help, Shift-Dir - straight line, f/p - death yak
Aim: a death yak (severely wounded, 94% to hit)
The blast of sand hits the death yak!
The death yak is almost dead.
The death yak gores you!
* * * LOW HITPOINT WARNING * * *
Casting: Sandblast (safe; 1% risk of failure)
Confirm with . or Enter, or press ? or * to list all spells.
Aiming: Sandblast (safe; 1% risk of failure)
Press: ? - help, Shift-Dir - straight line, f/p - death yak
Aim: a death yak (almost dead, 94% to hit)
The blast of sand hits the death yak.
The death yak is almost dead.
The death yak gores you!
You die...

##### #...# #...#
####...#############
#..@................
#...Y.....##########
#.........# ##
####...#### #.
##....# ## ##.....#
####### # ##.....##
#.....#
##.......###.....#
###
#.........##.....#
#..


You could see a death yak.

Vanquished Creatures
  2 vault guards (Bailey)
  2 two-headed ogres
  A gargoyle (D:11)
  A troll (D:5)
  Prince Ribbit (Bailey)
  Sigmund (D:5)
  A shadow (D:9)
  5 yaks (D:10)
  A vampire (D:11)
  2 wyverns
  3 humans (Bailey)
  Menkaure (D:5)
  2 steam dragons (D:5)
  4 vampire mosquitoes (D:11)
  2 acid dragons
  Duvessa (D:6)
  4 water moccasins
  A black bear (D:7)
  An ice beast (D:6)
  4 orc warriors
  2 necrophages (D:5)
  3 ogres
  4 centaurs
  4 kobold brigands
  3 phantoms
  3 elf zombies (Ossuary)
  12 bullfrogs
  A scorpion (D:4)
  A wyvern zombie (D:9)
  Dowan (D:6)
  9 killer bees
  A wight (D:7)
  2 howler monkeys
  2 bullfrog zombies
  7 centaur zombies
  A centaur skeleton (D:6)
  4 hounds
  A human zombie (Ossuary)
  Crazy Yiuf (D:7)
  A bullfrog skeleton (D:6)
  4 orc priests
  A gnoll shaman (D:7)
  10 orc wizards
  A scorpion zombie (D:5)
  A statue (D:6)
  2 killer bee zombies
  2 hound zombies (Ossuary)
  A hound skeleton (D:5)
  3 mummies (Ossuary)
  3 howler monkey zombies
  8 gnolls
  A howler monkey skeleton (D:4)
  5 adders
  2 white imps (D:6)
  3 adder skeletons
  5 adder zombies (Ossuary)
  2 worms
  A dart slug (D:3)
  27 orcs
  7 endoplasms
  A giant cockroach (D:3)
  2 gnoll zombies (Ossuary)
  10 goblins
  4 hobgoblins
  4 jackals
  3 quokkas
  10 ball pythons
  3 bats
  2 frilled lizards
  3 goblin zombies (Ossuary)
  3 hobgoblin zombies (Ossuary)
  2 jackal zombies (Ossuary)
  29 kobolds
  6 kobold zombies (Ossuary)
  An orc zombie (Ossuary)
  5 quokka zombies
  6 rats
  5 rat zombies
291 creatures vanquished.

Vanquished Creatures (others)
  8 fungi (D:5)
8 creatures vanquished.

Grand Total: 299 creatures vanquished

Notes
Turn   | Place    | Note
-------+----------+-------------------------------------------
     0 | D:1      | Cykl0x the Gargoyle Earth Elementalist began the quest for
                  | the Orb.
     0 | D:1      | Reached XP level 1. HP: 10/10 MP: 3/3
   351 | D:1      | Reached XP level 2. HP: 15/15 MP: 3/5
   407 | D:1      | Reached skill level 4 in Earth Magic
   811 | D:2      | Found a faded altar of an unknown god.
   966 | D:2      | Reached skill level 1 in Conjurations
   966 | D:2      | Reached XP level 3. HP: 19/19 MP: 4/6
   970 | D:2      | Learned a level 3 spell: Stone Arrow
  1907 | D:3      | Reached skill level 5 in Earth Magic
  1907 | D:3      | Reached XP level 4. HP: 22/24 MP: 1/7
  2264 | D:3      | Found a glowing golden altar of the Shining One.
  2420 | D:4      | Noticed a scorpion
  2425 | D:4      | Killed a scorpion
  2426 | D:4      | Reached XP level 5. HP: 27/28 MP: 2/9
  2544 | D:4      | Found Peteokk's Antique Armour Boutique.
  2589 | D:4      | Found Ritoasmi's Weapon Boutique.
  2619 | D:4      | Noticed an ogre
  2625 | D:4      | Killed an ogre
  2626 | D:4      | Reached skill level 6 in Earth Magic
  2626 | D:4      | Reached XP level 6. HP: 33/33 MP: 6/11
  2700 | D:4      | Found Vuaniow's Distillery.
  2746 | D:4      | Bought a potion of heal wounds for 60 gold pieces
  2746 | D:4      | Bought a potion of magic for 96 gold pieces
  2762 | D:4      | Found Zarod's Magic Scroll Shoppe.
  2793 | D:4      | Found Ycwema's Weapon Shop.
  2940 | D:5      | Entered Level 5 of the Dungeon
  2988 | D:5      | Noticed a steam dragon
  2990 | D:5      | Noticed a steam dragon
  2996 | D:5      | Killed a steam dragon
  2997 | D:5      | Reached XP level 7. HP: 22/37 MP: 1/13
  3008 | D:5      | Killed a steam dragon
  3009 | D:5      | Reached skill level 7 in Earth Magic
  3375 | D:5      | Reached skill level 5 in Spellcasting
  3405 | D:5      | Reached XP level 8. HP: 42/42 MP: 10/15
  3408 | D:5      | Noticed Menkaure
  3416 | D:5      | Killed Menkaure
  3426 | D:5      | Noticed a troll
  3431 | D:5      | Killed a troll
  3432 | D:5      | Reached skill level 5 in Conjurations
  3432 | D:5      | Reached skill level 8 in Earth Magic
  3641 | D:5      | Noticed Sigmund
  3645 | D:5      | Killed Sigmund
  3665 | D:5      | Reached XP level 9. HP: 46/46 MP: 14/18
  3692 | D:5      | Found a burning altar of Makhleb.
  3845 | D:5      | Reached skill level 9 in Earth Magic
  3864 | D:5      | Reached skill level 1 in Fighting
  4248 | D:6      | Noticed Duvessa
  4248 | D:6      | Noticed Dowan
  4251 | D:6      | Killed Duvessa
  4254 | D:6      | Killed Dowan
  4545 | D:6      | You fall into a shaft and drop 2 floors!
  4546 | D:8      | Found a sand-covered staircase.
  4553 | Ossuary  | Entered an ossuary
  4684 | Ossuary  | Reached skill level 10 in Earth Magic
  4830 | D:8      | Found a flagged portal.
  4839 | Bailey   | Entered a bailey
  4879 | Bailey   | Reached XP level 10. HP: 11/56 MP: 1/21
  5155 | Bailey   | Reached skill level 1 in Armour
  5387 | Bailey   | Noticed Prince Ribbit
  5387 | Bailey   | Noticed a vault guard
  5390 | Bailey   | Killed Prince Ribbit
  5404 | Bailey   | Killed a vault guard
  5541 | Bailey   | Noticed a vault guard
  5549 | Bailey   | Killed a vault guard
  5550 | Bailey   | Reached skill level 11 in Earth Magic
  6332 | D:7      | Reached skill level 1 in Staves
  6511 | D:7      | Reached skill level 5 in Fighting
  6637 | D:7      | Found a staircase to the Ecumenical Temple.
  6646 | Temple   | Entered the Ecumenical Temple
  7011 | D:7      | Found a runed translucent door.
  7012 | D:7      | Noticed Crazy Yiuf
  7058 | D:7      | Found a broken altar of Ashenzari.
  7173 | D:7      | Killed Crazy Yiuf
  7238 | D:6      | Reached XP level 11. HP: 63/63 MP: 23/23
  7576 | D:6      | Found a radiant altar of Vehumet.
  7585 | D:6      | Became a worshipper of Vehumet
  7936 | D:8      | Noticed a two-headed ogre
  7940 | D:8      | Killed a two-headed ogre
  8242 | D:8      | Found a stormy altar of Qazlal.
  8253 | D:8      | Found a shadowy altar of Dithmenos.
  9464 | D:10     | Entered Level 10 of the Dungeon
  9928 | D:10     | Reached * piety under Vehumet
  9928 | D:10     | Offered knowledge of Freeze by Vehumet.
 10458 | D:10     | Reached skill level 12 in Earth Magic
 10620 | D:11     | Found a staircase to the Lair.
 10623 | D:11     | Noticed a death yak
 10623 | D:11     | Noticed a death yak
 10625 | D:11     | Noticed a death yak
 10703 | D:11     | Noticed a two-headed ogre
 10711 | D:11     | Killed a two-headed ogre
 10761 | D:10     | HP: 2/64 [death yak (11)]
 10762 | D:10     | Mangled by a death yak

Illustrated notes

Levels and vault maps discovered:
D:1:      amcnicky_arrival_flooded_fountain, layout_basic
D:2:      layout_loops_ring, shapermc_ecumenical_altar_flowoftime,
          grunt_decor_junction, kennysheep_nondescript
D:3:      layout_basic, mainiacjoe_overflow_alcove_4
D:4:      layout_cave_pools, serial_shops, nicolae_shop_behind_doors, shop,
          nicolae_shop_waterfront, nicolae_square_shop, nicolae_shop_stone
D:5:      kennysheep_steamy, layout_basic, makhleb_blood_cavern_becter,
          minmay_chambers_of_fives, uniq_menkaure, uniq_sigmund
D:6:      layout_loops_corners, vehumet_statue, uniq_duvessa
D:7:      layout_rooms, marbit_many_paths, temple_hall, uniq_crazy_yiuf_cottage
D:8:      statuecave_lemuel, layout_loops_cross,
          mainiacjoe_overflow_large_starburst, enter_ossuary_4, enter_bailey_2,
          roderic_malta_cross
D:9:      layout_gridville
D:10:     layout_loops_cross
D:11:     layout_rooms, dpeg_lair_monsters, orc_0_dummy,
          minmay_misc_feat_four_crosses, minmay_shop_chei,
          nemelex_lonely_heart_becter, uniq_erolcha
Temple:   eino_temple_scatter_basement

Skill      XL: |  1  2  3  4  5  6  7  8  9 10 11 |
---------------+----------------------------------+-----
Earth Magic    | 4 5 6 7 8 10 11 12 | 12.4
Conjurations   | 1 2 3 4 5 7 9 |  9.8
Spellcasting   | 3 4 5 6 7 8 9 |  9.9
Dodging        | 2 |  2.7
Fighting       | 3 5 |  5.8
Armour         | 2 3 |  3.5
Staves         | 1 2 |  2.0
Stealth        | |  2.1
Transmutations | |  0.7

Action                   |  1- 3 |  4- 6 |  7- 9 | 10-12 || total
-------------------------+-------+-------+-------+-------++-------
Melee: Whip              |     1 |     1 |       |       ||     2
       Quarterstaff      |       |       |     5 |    56 ||    61
 Cast: Sandblast         |    44 |    31 |    74 |   117 ||   266
       Stone Arrow       |    10 |    27 |    94 |   156 ||   287
  Use: Scroll            |     3 |     4 |     5 |     9 ||    21
       Potion            |       |       |     3 |     2 ||     5
Armor: Robe              |     3 |     2 |     4 |       ||     9
       Leather armour    |       |       |    33 |    60 ||    93
       Acid dragon scale |       |       |       |    27 ||    27
       Scale mail        |       |       |       |     3 ||     3
Dodge: Dodged            |    10 |     3 |    41 |   100 ||   154
